A+ - U26
LAKELAND FLYING TIGERS @ TAMPA TARPONS
07/17/2052
 
TOP OF THE 1ST
Hudson Valley Renegades batting - Pitching for Oxford Owls : LHP Alfredo Martín
Pitching: LHP Alfredo Martín
Batting: RHB Avery Zubal 0-0: Called Strike
0-1: Called Strike
0-2: Ball
1-2: Ball
2-2: Strikes out swinging
Batting: RHB Angel Diaz 0-0: Called Strike
0-1: Ball
1-1: Ball
2-1: Fly out, F8 (Flyball, 78M, EV 90.6 MPH)
Batting: LHB Dale Epps 0-0: Called Strike
0-1: Foul Ball, location: 2F
0-2: Strikes out swinging
Top of the 1st over - 0 runs, 0 hits, 0 errors, 0 left on base; Hudson Valley 0 - Oxford 0
BOTTOM OF THE 1ST
Oxford Owls batting - Pitching for Hudson Valley Renegades : RHP Elijah Shield
Pitching: RHP Elijah Shield
Batting: LHB Tony Crandall 0-0: DOUBLE (Flyball, 8LXD, EV 111.9 MPH)
Batting: LHB Charles Carter 0-0: Ball
1-0: Foul Ball, location: 2F
1-1: Swinging Strike
1-2: Ball
2-2: Ball
3-2: Base on Balls
Batting: LHB Blake Case 0-0: Fielders Choice at 2nd, 6-4 (Groundball, 6, EV 80.6 MPH)
Tony Crandall to third
Batting: LHB Jordan Earl 0-0: Called Strike
0-1: Ball
1-1: Ball
Wild Pitch!
Tony Crandall scores
Blake Case to second
2-1: Swinging Strike
2-2: Ground out 4-3 (Groundball, 4, EV 83.1 MPH)
Blake Case to third
Batting: RHB Leto Padron 0-0: Foul Ball, location: 2F
0-1: Ball
1-1: Ball
2-1: SINGLE (Flyball, 3D, EV 91.2 MPH)
Blake Case scores
Batting: LHB Devon Daniels 0-0: Called Strike
0-1: Called Strike
0-2: Strikes out looking
Bottom of the 1st over - 2 runs, 2 hits, 0 errors, 1 left on base; Hudson Valley 0 - Oxford 2
TOP OF THE 2ND
Hudson Valley Renegades batting - Pitching for Oxford Owls : LHP Alfredo Martín
Batting: RHB Sebastian Henriquez 0-0: Ball
1-0: Called Strike
1-1: Ground out 3-1 (Groundball, 34, EV 83.1 MPH)
Batting: RHB Peter Sharples 0-0: Ball
1-0: Foul Ball, location: 2F
1-1: Ball
2-1: Foul Ball, location: 2F
2-2: Ground out 5-3 (Groundball, 56, EV 98.8 MPH)
Batting: LHB Jun Avalos 0-0: Called Strike
0-1: Ground out 5-3 (Groundball, 15, EV 84.4 MPH)
Top of the 2nd over - 0 runs, 0 hits, 0 errors, 0 left on base; Hudson Valley 0 - Oxford 2
BOTTOM OF THE 2ND
Oxford Owls batting - Pitching for Hudson Valley Renegades : RHP Elijah Shield
Batting: RHB Jesus Díaz 0-0: Called Strike
0-1: Fly out, F9 (Line Drive, 9LS, EV 97.5 MPH)
Batting: SHB Parker Phegley 0-0: Swinging Strike
0-1: Swinging Strike
0-2: Ball
1-2: Ball
2-2: Strikes out swinging
Batting: RHB Doug Quintero 0-0: Ball
1-0: Ball
2-0: Called Strike
2-1: Ball
3-1: Base on Balls
Batting: LHB Tony Crandall 0-0: Ball
1-0: Foul Ball, location: 2F
1-1: Ball
2-1: Foul Ball, location: 2F
2-2: Ball
3-2: Ground out 4-3 (Groundball, 34S, EV 86.2 MPH)
Bottom of the 2nd over - 0 runs, 0 hits, 0 errors, 1 left on base; Hudson Valley 0 - Oxford 2
TOP OF THE 3RD
Hudson Valley Renegades batting - Pitching for Oxford Owls : LHP Alfredo Martín
Batting: RHB Steve Moss 0-0: Ball
1-0: Called Strike
1-1: Foul Ball, location: 2F
1-2: Foul Ball, location: 2F
1-2: Ball
2-2: Fly out, F6 (Line Drive, 6, EV 66.9 MPH)
Batting: RHB Derek McCone 0-0: Ground out 5-3 (Groundball, 56, EV 101.9 MPH)
Batting: RHB Pavor Enríquez 0-0: Fly out, F8 (Flyball, 8RD, EV 99.4 MPH)
Top of the 3rd over - 0 runs, 0 hits, 0 errors, 0 left on base; Hudson Valley 0 - Oxford 2
BOTTOM OF THE 3RD
Oxford Owls batting - Pitching for Hudson Valley Renegades : RHP Elijah Shield
Batting: LHB Charles Carter 0-0: Ball
1-0: Called Strike
1-1: Ball
2-1: Called Strike
2-2: SINGLE (Groundball, 56, EV 96.9 MPH)
Batting: LHB Blake Case 0-0: Called Strike
0-1: Ball
1-1: Foul Ball, location: 2F
1-2: Foul Ball, location: 2F
1-2: Foul Ball, location: 2F
1-2: Strikes out swinging
Batting: LHB Jordan Earl 0-0: Called Strike
0-1: Ball
1-1: Fly out, F7 (Flyball, 7, EV 86.9 MPH)
Batting: RHB Leto Padron 0-0: Called Strike
0-1: Fly out, F8 (Flyball, 8LD, EV 84.4 MPH)
Bottom of the 3rd over - 0 runs, 1 hit, 0 errors, 1 left on base; Hudson Valley 0 - Oxford 2
TOP OF THE 4TH
Hudson Valley Renegades batting - Pitching for Oxford Owls : LHP Alfredo Martín
Batting: RHB Avery Zubal 0-0: Ball
1-0: Called Strike
1-1: Called Strike
1-2: Fly out, F9 (Flyball, 9LS, EV 90.0 MPH)
Batting: RHB Angel Diaz 0-0: Reached via error on a dropped throw from 2B, E3 (Groundball, 34, EV 84.4 MPH)
Batting: LHB Dale Epps 0-0: Fly out, F7 (Flyball, 78S, EV 94.4 MPH)
Batting: RHB Sebastian Henriquez 0-0: Ball
1-0: Called Strike
1-1: Ball
2-1: Foul Ball, location: 2F
2-2: Ball
3-2: Strikes out swinging, 2-3 out at first.
Top of the 4th over - 0 runs, 0 hits, 1 error, 1 left on base; Hudson Valley 0 - Oxford 2
BOTTOM OF THE 4TH
Oxford Owls batting - Pitching for Hudson Valley Renegades : RHP Elijah Shield
Batting: LHB Devon Daniels 0-0: Foul Ball, location: 2F
0-1: Foul Ball, location: 2F
0-2: Foul Ball, location: 2F
0-2: Fly out, F6 (Popup, 6D, EV 73.8 MPH)
Batting: RHB Jesus Díaz 0-0: Ball
1-0: Ball
2-0: Ball
3-0: Foul Ball, location: 2F
3-1: Swinging Strike
3-2: Foul Ball, location: 2F
3-2: SINGLE (Groundball, 6MD, EV 105.6 MPH)
Batting: SHB Parker Phegley 0-0: Grounds into double play, 4-6-3 (Groundball, 4, EV 102.5 MPH)
Bottom of the 4th over - 0 runs, 1 hit, 0 errors, 0 left on base; Hudson Valley 0 - Oxford 2
TOP OF THE 5TH
Hudson Valley Renegades batting - Pitching for Oxford Owls : LHP Alfredo Martín
Batting: RHB Peter Sharples 0-0: Fly out, F8 (Flyball, 8LXD, EV 98.1 MPH)
Batting: LHB Jun Avalos 0-0: Ball
1-0: Ball
2-0: SINGLE (Flyball, 9S, EV 96.2 MPH)
Batting: RHB Steve Moss 0-0: Called Strike
0-1: Ball
1-1: Ball
2-1: Foul Ball, location: 2F
2-2: Strikes out swinging
Batting: RHB Derek McCone 0-0: Foul Ball, location: 2F
0-1: Ball
1-1: Foul Ball, location: 2F
1-2: Ball
2-2: Fly out, F9 (Line Drive, 9S, EV 91.9 MPH)
Top of the 5th over - 0 runs, 1 hit, 0 errors, 1 left on base; Hudson Valley 0 - Oxford 2
BOTTOM OF THE 5TH
Oxford Owls batting - Pitching for Hudson Valley Renegades : RHP Elijah Shield
Batting: RHB Doug Quintero 0-0: Fly out, F9 (Flyball, 9LD, EV 95.6 MPH)
Batting: LHB Tony Crandall 0-0: Ball
1-0: Foul Ball, location: 2F
1-1: Called Strike
1-2: Ball
2-2: Strikes out looking
Batting: LHB Charles Carter 0-0: Called Strike
0-1: Ball
1-1: Ball
2-1: Ball
3-1: Called Strike
3-2: Base on Balls
Batting: LHB Blake Case 0-0: Ball
Charles Carter steals 2nd base
1-0: Ground out 4-3 (Groundball, 4, EV 94.4 MPH)
Bottom of the 5th over - 0 runs, 0 hits, 0 errors, 1 left on base; Hudson Valley 0 - Oxford 2
TOP OF THE 6TH
Hudson Valley Renegades batting - Pitching for Oxford Owls : LHP Alfredo Martín
Batting: RHB Pavor Enríquez 0-0: Called Strike
0-1: Ground out 5-3 (Groundball, 56, EV 76.2 MPH)
Batting: RHB Avery Zubal 0-0: Ground out 6-3 (Groundball, 6, EV 84.4 MPH)
Batting: RHB Angel Diaz 0-0: Ball
1-0: Called Strike
1-1: Fly out, F6 (Flyball, 6D, EV 86.9 MPH)
Top of the 6th over - 0 runs, 0 hits, 0 errors, 0 left on base; Hudson Valley 0 - Oxford 2
BOTTOM OF THE 6TH
Oxford Owls batting - Pitching for Hudson Valley Renegades : RHP Elijah Shield
Batting: LHB Jordan Earl 0-0: Called Strike
0-1: Swinging Strike
0-2: Ball
1-2: Ball
2-2: Ball
3-2: Strikes out swinging
Batting: RHB Leto Padron 0-0: Ball
1-0: Called Strike
1-1: Foul Ball, location: 2F
1-2: Strikes out looking
Batting: LHB Devon Daniels 0-0: Ball
1-0: Ball
2-0: Foul Ball, location: 2F
2-1: Ball
3-1: Foul Ball, location: 2F
3-2: Foul Ball, location: 2F
3-2: Base on Balls
Pitching: RHP Dylan Blunt
Batting: RHB Jesus Díaz 0-0: Foul Ball, location: 2F
0-1: Fly out, F8 (Flyball, 8RM, EV 90.6 MPH)
Bottom of the 6th over - 0 runs, 0 hits, 0 errors, 1 left on base; Hudson Valley 0 - Oxford 2
TOP OF THE 7TH
Hudson Valley Renegades batting - Pitching for Oxford Owls : LHP Alfredo Martín
Batting: LHB Dale Epps 0-0: Foul Ball, location: 2F
0-1: Ball
1-1: Ball
2-1: Called Strike
2-2: Foul Ball, location: 2F
2-2: Fly out, F9 (Flyball, 89D, EV 84.4 MPH)
Batting: RHB Sebastian Henriquez 0-0: Called Strike
0-1: SINGLE (Groundball, 6MD, EV 82.5 MPH) (infield hit)
Batting: RHB Peter Sharples 0-0: Ball
1-0: Called Strike
1-1: Ball
2-1: Foul Ball, location: 2F
2-2: Strikes out looking
Batting: LHB Jun Avalos 0-0: Ball
1-0: Fly out, F7 (Flyball, 7S, EV 74.4 MPH)
Top of the 7th over - 0 runs, 1 hit, 0 errors, 1 left on base; Hudson Valley 0 - Oxford 2
BOTTOM OF THE 7TH
Oxford Owls batting - Pitching for Hudson Valley Renegades : RHP Dylan Blunt
Batting: SHB Parker Phegley 0-0: Ball
1-0: Called Strike
1-1: Ball
2-1: Foul Ball, location: 2F
2-2: Strikes out swinging
Batting: RHB Doug Quintero 0-0: Called Strike
0-1: Ball
1-1: Ball
2-1: Ball
3-1: Called Strike
3-2: Strikes out swinging
Batting: LHB Tony Crandall 0-0: Called Strike
0-1: Ball
1-1: Swinging Strike
1-2: Ball
2-2: Ball
3-2: Fly out, F5 (Popup, 5SF, EV 85.6 MPH)
Bottom of the 7th over - 0 runs, 0 hits, 0 errors, 0 left on base; Hudson Valley 0 - Oxford 2
TOP OF THE 8TH
Hudson Valley Renegades batting - Pitching for Oxford Owls : LHP Alfredo Martín
Batting: RHB Steve Moss 0-0: Ball
1-0: Ball
2-0: Swinging Strike
2-1: Ground out 4-3 (Groundball, 4, EV 76.9 MPH)
Batting: RHB Derek McCone 0-0: Fly out, F9 (Flyball, 89S, EV 85.6 MPH)
Batting: RHB Pavor Enríquez 0-0: DOUBLE (Flyball, 89D, EV 103.8 MPH)
Batting: RHB Avery Zubal 0-0: Called Strike
0-1: Ball
1-1: Foul Ball, location: 2F
1-2: Strikes out swinging
Top of the 8th over - 0 runs, 1 hit, 0 errors, 1 left on base; Hudson Valley 0 - Oxford 2
BOTTOM OF THE 8TH
Oxford Owls batting - Pitching for Hudson Valley Renegades : RHP Dylan Blunt
Batting: LHB Charles Carter 0-0: Fly out, F8 (Flyball, 8LXD, EV 94.4 MPH)
Batting: LHB Blake Case 0-0: Called Strike
0-1: Called Strike
0-2: Foul Ball, location: 2F
0-2: Ball
1-2: Foul Ball, location: 2F
1-2: Ball
2-2: Ground out 4-3 (Groundball, 4, EV 101.2 MPH)
Batting: LHB Jordan Earl 0-0: Fly out, F9 (Flyball, 89S, EV 89.4 MPH)
Bottom of the 8th over - 0 runs, 0 hits, 0 errors, 0 left on base; Hudson Valley 0 - Oxford 2
TOP OF THE 9TH
Hudson Valley Renegades batting - Pitching for Oxford Owls : LHP Alfredo Martín
Pitching: RHP Dave de Burgh
Batting: RHB Angel Diaz 0-0: Called Strike
0-1: SINGLE (Groundball, 34D, EV 104.4 MPH)
Batting: LHB Dale Epps 0-0: Called Strike
0-1: Ball
1-1: Fielders Choice at 2nd, 6-4 (Groundball, 6M, EV 102.5 MPH)
Batting: RHB Sebastian Henriquez 0-0: Grounds into double play, 5-4-3 (Groundball, 5, EV 86.9 MPH)
Top of the 9th over - 0 runs, 1 hit, 0 errors, 0 left on base; Hudson Valley 0 - Oxford 2
Monday, April 29th , 2024 - OOTP Baseball 24.11 Build 85